 Dungeon Crawl Stone Soup version 0.29.1-12-g30fa7ad0bf (webtiles) character file.

Game seed: 319428312215628881

11337 raph the Arsonist (level 11, -4/62 HPs)
             Began as a Deep Elf Fire Elementalist on Dec 23, 2022.
             Was an Elder of Sif Muna.
             Slain by a harpy simulacrum (5 damage)
             ... in an ice cave.
             The game lasted 00:17:43 (10141 turns).

raph the Arsonist (Deep Elf Fire Elementalist)     Turns: 10141, Time: 00:17:43

Health: -4/62      AC:  8    Str:  5    XL:     11   Next: 48%
Magic:  26/26      EV: 19    Int: 25    God:    Sif Muna [****..]
Gold:   371        SH:  0    Dex: 15    Spells: 6/29 levels left

rFire   x . .      SeeInvis .   D - staff of conjuration
rCold   + . .      Faith    .   (no shield)
rNeg    + . .      Spirit   .   K - +2 robe {rN+}
rPois   .          Reflect  .   j - +1 helmet
rElec   .          Harm     .   (no cloak)
rCorr   .          Rampage  .   (no gloves)
Will    +....                   r - +1 pair of boots
Stlth   ++........              B - amulet of magic regeneration
HPRegen 0.20/turn               z - ring of ice
MPRegen 0.60/turn               e - +4 ring of evasion

@: no status effects
A: no striking features
a: Renounce Religion, Channel Magic, Forget Spell, Divine Exegesis


You were in an ice cave.
You worshipped Sif Muna.
Sif Muna was greatly pleased with you.
You visited 2 branches of the dungeon, and saw 10 of its levels.
You also visited: Ossuary and Ice Cave.

You collected 637 gold pieces.
You spent 266 gold pieces at shops.

Inventory:

Hand Weapons
 l - a +2 short sword of venom
 t - a +0 rapier of draining
 y - a +2 vampiric short sword
Missiles
 G - a throwing net
 H - a curare-tipped dart
 J - 28 stones
 N - 12 poisoned darts
Armour
 a - a +0 robe
 j - a +1 helmet (worn)
 r - a +1 pair of boots (worn)
 E - a scarf of shadows
 K - a +2 robe of positive energy (worn)
Magical Staves
 D - a staff of conjuration (weapon)
Jewellery
 c - a +6 ring of dexterity
 e - a +4 ring of evasion (right hand)
 o - a ring of wizardry
 u - a ring of wizardry
 v - a ring of willpower
 z - a ring of ice (left hand)
 B - an amulet of magic regeneration (around neck)
Wands
 d - a wand of roots (16)
 x - a wand of acid (8)
Scrolls
 h - 9 scrolls of teleportation
 m - a scroll of vulnerability
 C - 7 scrolls of identify
 F - a scroll of amnesia
 L - a scroll of fog
Potions
 b - 4 potions of magic
 f - 2 potions of degeneration
 g - 2 potions of heal wounds
 i - 2 potions of cancellation
 k - 3 potions of mutation
 n - a potion of haste
 p - 2 potions of resistance
 q - 5 potions of attraction
 s - 2 potions of invisibility
 w - 9 potions of curing
 A - 7 potions of flight
 I - a potion of lignification {unknown}
 M - a potion of brilliance {unknown}


   Skills:
 + Level 4.3 Fighting
 + Level 6.8 Dodging
 - Level 2.4 Stealth
 + Level 9.8 Spellcasting
 + Level 7.8 Conjurations
 * Level 11.7 Fire Magic
 * Level 9.3 Invocations


You had 6 spell levels left.
You knew the following spells:

 Your Spells              Type           Power      Damage    Failure   Level
a - Foxfire               Conj/Fire      100%       2x1d9     1%          1
b - Scorch                Fire           100%       2d10      1%          2
c - Conjure Flame         Conj/Fire      75%        6-21      1%          3
d - Inner Flame           Hex/Fire       41%        N/A       1%          3
e - Flame Wave            Conj/Fire      75%        2d17      1%          4
f - Fireball              Conj/Fire      37%        3d15      2%          5
g - Iskenderun's Battles  Conj           67%        2d12      5%          5

Your spell library contained the following spells:

 Spells                   Type           Power      Damage    Failure   Level
 Gell's Gravitas          Tloc           12%        N/A       16%         3
 Ozocubu's Armour         Ice            18%        N/A       16%         3
 Teleport Other           Tloc           12%        N/A       16%         3
 Lightning Bolt           Conj/Air       23%        1d39      28%         5
 Airstrike                Air            6%         2d(1-17)  45%         4
 Summon Lightning Spire   Summ/Air       12%        N/A       45%         4
 Conjure Ball Lightning   Conj/Air       23%        3x3d6     83%         6
 Dispersal                Tloc           6%         N/A       100%        6
 Orb of Destruction       Conj           33%        9d10      86%         7
 Ozocubu's Refrigeration  Ice            9%         4d9       100%        7


Dungeon Overview and Level Annotations

Branches:
Dungeon (9/15)             Temple (0/1) D:7            Lair (1/5) D:9
Ossuary (visited)           IceCv (1/1)
    Orc: D:9-12

Altars:
Ashenzari
Cheibriados
Elyvilon
Makhleb
Nemelex Xobeh
Okawaru
Qazlal
Sif Muna
Xom
Yredelemnul
Zin

Shops:
D:5 !

Annotations:
IceCv exclusion: ice statue


Message History

Confirm with . or Enter, or press ? or * to list all spells.
You feel a surge of power!
You conjure some foxfire!
The foxfire hits the harpy simulacrum!
The harpy simulacrum melts!
The harpy simulacrum is moderately damaged.
Casting: Foxfire (safe; 1% risk of failure)
Confirm with . or Enter, or press ? or * to list all spells.
Flames lash the harpy simulacrum.
The harpy simulacrum melts!
The harpy simulacrum vaporises!
Sif Muna accepts your kill.
Casting: Scorch (safe; 1% risk of failure)
Confirm with . or Enter, or press ? or * to list all spells.
You can't see any susceptible monsters within range! (Use Z to cast anyway.)
You start resting.
Your foxfire is engulfed in freezing vapours.
Your foxfire dissipates!
Your foxfire is engulfed in freezing vapours. x3
You start resting.
Magic restored.
You start waiting.
Your foxfire dissipates!
A harpy simulacrum comes into view.
The harpy simulacrum closely misses you.
The harpy simulacrum claws you. The harpy simulacrum freezes you! You resist.
The harpy simulacrum claws you! The harpy simulacrum freezes you. You resist.
The harpy simulacrum claws you. The harpy simulacrum freezes you! You resist.
The harpy simulacrum attacks as you move away!
The harpy simulacrum misses you.
The harpy simulacrum claws you but does no damage.
The harpy simulacrum claws you! The harpy simulacrum freezes you. You resist.
* * * LOW HITPOINT WARNING * * *
The harpy simulacrum claws you.
* * * LOW HITPOINT WARNING * * *
The harpy simulacrum freezes you! You resist.
* * * LOW HITPOINT WARNING * * *
Okay, then.
The harpy simulacrum misses you.
The harpy simulacrum claws you but does no damage.
The harpy simulacrum claws you.
* * * LOW HITPOINT WARNING * * *
The harpy simulacrum freezes you. You resist.
You die...

#.## #......##
##.####...## #..#
##..8#..##
#..##...## #..#
#..###..####..#..##
##.## #[[# ##..#
#.....# #..#
######..## ##...##
##.## ##..### #####
##..# #..##.##
#..## #..#...##
##.## #.@#....#
##..# ##.Z.#..4.4.
#..## ##..# Z...Z
##..# #### u..Z
##.## .4. #..# Z_
##..^...# Z
#....8.# ##.^Z.Z#


You could see a harpy simulacrum.

Vanquished Creatures
  Erica (D:8)
  Pikel (D:8)
  An orc sorcerer (D:8)
  2 ugly things (IceCv)
  A cane toad (Lair:1)
  Joseph (D:7)
  A komodo dragon (Lair:1)
  7 ice devils (IceCv)
  3 freezing wraiths (IceCv)
  Sigmund (D:3)
  A wyvern (D:9)
  5 yaks
  4 death yak simulacra (IceCv)
  2 steam dragons (D:8)
  3 harpy simulacra (IceCv)
  3 water moccasins
  5 black bears
  An orc warrior (D:8)
  A sky beast (D:7)
  5 wolves (Lair:1)
  2 lemures (D:8)
  2 kobold brigands
  A scorpion (D:5)
  5 bullfrogs
  A gnoll sergeant (D:8)
  5 cane toad simulacra (IceCv)
  A two-headed ogre simulacrum (IceCv)
  4 wights (D:7)
  2 elephant simulacra (IceCv)
  2 howler monkeys (D:9)
  2 hounds
  3 human zombies (Ossuary)
  3 jellies
  A gnoll bouda (D:9)
  3 orc priests
  2 iguanas (D:5)
  7 orc wizards
  3 polar bear simulacra (IceCv)
  A spriggan simulacrum (IceCv)
  3 wolf simulacra (IceCv)
  A hound zombie (Ossuary)
  4 mummies (Ossuary)
  6 gnolls
  2 naga simulacra (IceCv)
  3 adders
  2 shadow imps
  A white imp (D:6)
  3 ufetubi
  An adder zombie (Ossuary)
  A worm (D:4)
  A dart slug (D:1)
  37 orcs
  7 ball pythons
  4 giant cockroaches
  3 goblins
  7 hobgoblins
  12 jackals
  15 kobolds
  4 quokkas
  4 bats
  5 frilled lizards
  A goblin zombie (Ossuary)
  3 jackal zombies (Ossuary)
  2 orc zombies (Ossuary)
  11 rats
  A rat zombie (Ossuary)
243 creatures vanquished.

Vanquished Creatures (others)
  521 foxfires
521 creatures vanquished.

Grand Total: 764 creatures vanquished

Notes
Turn   | Place    | Note
-------+----------+-------------------------------------------
     0 | D:1      | raph the Deep Elf Fire Elementalist began the quest for the
                  | Orb.
     0 | D:1      | Reached XP level 1. HP: 10/10 MP: 6/6
   356 | D:1      | Reached XP level 2. HP: 15/15 MP: 5/8
   397 | D:1      | Learned a level 2 spell: Scorch
   873 | D:1      | Found a faded altar of an unknown god.
  1219 | D:2      | Reached skill level 4 in Fire Magic
  1434 | D:2      | Reached XP level 3. HP: 19/19 MP: 7/10
  1438 | D:2      | Learned a level 3 spell: Conjure Flame
  2196 | D:3      | Reached XP level 4. HP: 24/24 MP: 7/12
  2359 | D:3      | Reached skill level 5 in Fire Magic
  2418 | D:3      | Found a shimmering blue altar of Sif Muna.
  2421 | D:3      | Found a white marble altar of Elyvilon.
  2421 | D:3      | Found an iron altar of Okawaru.
  2425 | D:3      | Became a worshipper of Sif Muna the Loreminder
  2432 | D:3      | Reached XP level 5. HP: 28/28 MP: 10/13
  2436 | D:3      | Learned a level 3 spell: Inner Flame
  2600 | D:3      | Noticed Sigmund
  2617 | D:3      | Killed Sigmund
  2618 | D:3      | Reached skill level 5 in Spellcasting
  2618 | D:3      | Reached XP level 6. HP: 23/32 MP: 5/15
  3032 | D:4      | Reached skill level 6 in Fire Magic
  3687 | D:5      | Entered Level 5 of the Dungeon
  3816 | D:5      | Reached * piety under Sif Muna
  4063 | D:5      | Reached XP level 7. HP: 32/36 MP: 13/17
  4077 | D:5      | Learned a level 4 spell: Flame Wave
  4129 | D:5      | Identified the +1 chain mail "Daased" {rCorr}
  4187 | D:5      | Found a sand-covered staircase.
  4195 | Ossuary  | Entered an ossuary
  4206 | Ossuary  | Reached skill level 7 in Fire Magic
  4215 | Ossuary  | Reached ** piety under Sif Muna
  4419 | D:5      | Reached skill level 1 in Invocations
  4506 | D:5      | Found a snail-covered altar of Cheibriados.
  4624 | D:5      | Reached XP level 8. HP: 41/41 MP: 11/19
  4677 | D:5      | Found Hiedgh's Distillery.
  4686 | D:5      | Bought a potion of invisibility for 112 gold pieces
  4686 | D:5      | Bought a potion of magic for 112 gold pieces
  4686 | D:5      | Bought a potion of curing for 42 gold pieces
  5069 | D:5      | Found a glowing silver altar of Zin.
  5225 | D:6      | Reached skill level 5 in Conjurations
  5225 | D:6      | Reached skill level 8 in Fire Magic
  5496 | D:6      | Found a broken altar of Ashenzari.
  5545 | D:6      | Found a burning altar of Makhleb.
  6295 | D:7      | Found a stormy altar of Qazlal.
  6342 | D:7      | Found a staircase to the Ecumenical Temple.
  6383 | D:7      | Noticed Joseph
  6393 | D:7      | Killed Joseph
  6545 | D:7      | Learned a level 5 spell: Fireball
  6640 | D:7      | Reached skill level 1 in Fighting
  6667 | D:7      | Reached XP level 9. HP: 43/47 MP: 11/22
  7011 | D:7      | Reached skill level 5 in Invocations
  7130 | D:8      | Reached skill level 9 in Fire Magic
  7363 | D:8      | Noticed Erica
  7368 | D:8      | Killed Erica
  7375 | D:8      | Noticed an orc sorcerer
  7378 | D:8      | Killed an orc sorcerer
  7473 | D:8      | Noticed Pikel
  7480 | D:8      | Killed Pikel
  7481 | D:8      | Reached skill level 5 in Dodging
  7481 | D:8      | Reached skill level 10 in Fire Magic
  7481 | D:8      | Reached XP level 10. HP: 55/55 MP: 7/24
  7620 | D:8      | Found a shimmering altar of Xom.
  7620 | D:8      | Found a shimmering altar of Xom.
  7621 | D:8      | Found a shimmering altar of Xom.
  7621 | D:8      | Found a shimmering altar of Xom.
  7622 | D:8      | Found a shimmering altar of Xom.
  7623 | D:8      | Found a shimmering altar of Xom.
  7635 | D:8      | Found a shimmering altar of Xom.
  7637 | D:8      | Found a shimmering altar of Xom.
  7707 | D:8      | Reached *** piety under Sif Muna
  8098 | D:9      | Learned a level 5 spell: Iskenderun's Battlesphere
  8114 | D:9      | Found a sparkling altar of Nemelex Xobeh.
  8276 | D:9      | Found a staircase to the Lair.
  8607 | D:9      | Found a basalt altar of Yredelemnul.
  9034 | Lair:1   | Entered Level 1 of the Lair of Beasts
  9143 | Lair:1   | Noticed a cane toad
  9148 | Lair:1   | Killed a cane toad
  9234 | Lair:1   | Found a frozen archway.
  9247 | IceCv    | Entered an ice cave
  9274 | IceCv    | Reached skill level 11 in Fire Magic
  9302 | IceCv    | Noticed a white ugly thing
  9308 | IceCv    | Reached **** piety under Sif Muna
  9320 | IceCv    | Reached XP level 11. HP: 60/60 MP: 3/26
  9450 | IceCv    | Killed a white ugly thing
  9808 | IceCv    | Found an ancient bone altar of Kikubaaqudgha.
  9808 | IceCv    | Noticed a white ugly thing
  9856 | IceCv    | Killed a white ugly thing
 10141 | IceCv    | HP: 1/62 [harpy simulacrum (3)]
 10141 | IceCv    | Slain by a harpy simulacrum

Illustrated notes

Levels and vault maps discovered:
D:1:      lightli_arrival_boilingwater, layout_basic,
          hellmonk_ecumenical_altar_crossroads, grunt_decor_fettered
D:2:      layout_basic
D:3:      layout_loops_ring, grunt_temple_overflow_open, uniq_sigmund
D:4:      layout_rooms
D:5:      minmay_evil_eye, layout_gridville, zin_scriptorium,
          cheibriados_altar_1, enter_ossuary_2, serial_shops, shop
D:6:      layout_loops_corners, bloody_makhleb, mainiacjoe_overflow_brackets
D:7:      layout_gridville, mainiacjoe_overflow_chevrons,
          minmay_temple_entry_ruins, uniq_joseph
D:8:      cheibrodos_wizards_tower, layout_loops_ring, xom_shifter_show,
          uniq_pikel, uniq_erica
D:9:      layout_cave_pods, mainiacjoe_overflow_alcove_1, amcnicky_altar_gilded,
          david_lair_generic
Lair:1:   layout_regular_city, portal_ice_cave_entry_pillars_2,
          gammafunk_ghost_berserking_beasts, grunt_megastairs_4,
          lemuel_fruit_fields, serial_bayou_shore_b
IceCv:    ice_cave_small_necro

Skill      XL: |  1  2  3  4  5  6  7  8  9 10 11 |
---------------+----------------------------------+-----
Fire Magic     | 4 5 6 7 8 10 11 | 11.7
Conjurations   | 2 3 4 5 6 7 |  7.8
Spellcasting   | 4 5 6 7 8 9 |  9.8
Invocations    | 2 4 6 8 9 |  9.3
Dodging        | 3 5 6 |  6.8
Fighting       | 1 2 3 4 |  4.3
Stealth        | |  2.4

Action                   |  1- 3 |  4- 6 |  7- 9 | 10-12 || total
-------------------------+-------+-------+-------+-------++-------
Melee: Dagger            |     2 |       |       |       ||     2
       Rapier            |     1 |     4 |       |       ||     5
       Short sword       |       |     3 |     1 |       ||     4
       Staff             |       |       |       |     1 ||     1
 Cast: Foxfire           |    63 |    99 |    91 |    59 ||   312
       Scorch            |    16 |    10 |    38 |    33 ||    97
       Conjure Flame     |       |     1 |     6 |       ||     7
       Flame Wave        |       |       |     4 |     6 ||    10
       Inner Flame       |       |       |     2 |     2 ||     4
       Fireball          |       |       |    14 |    34 ||    48
       Iskenderun's Batt |       |       |       |     5 ||     5
Invok: Channel Magic     |       |       |     1 |     1 ||     2
  Use: Scroll            |       |    14 |     7 |       ||    21
       Potion            |       |       |     1 |       ||     1
Armor: Robe              |     2 |     6 |     9 |    10 ||    27
Dodge: Dodged            |     7 |    22 |    42 |    35 ||   106
